Canucks vs Sharks

Created - October 28, 2015 at 18:03

Goals
1 2 3 T
Canucks 1 1 1 3
Sharks 1 1 0 2
Shots
1 2 3 T
Canucks 11 6 10 27
Sharks 5 9 7 21

1st period

1. Canucks , Phil Kessel 4 (Claude Giroux, Brent Burns) at 3:43
2. Sharks , Andrew Shaw 6 (Nikolai Kulemin, David Savard) at 4:36

Penalties :
Erik Karlsson (VAN) for Tripping (Minor) at 1:09, Andrew Shaw (SJS) for Cross-checking (Minor) at 12:00, Matt Beleskey (SJS) for Attempt to injure (Major / Game Misconduct) at 14:18

2nd period

3. Canucks , Adam Henrique 1 (Jimmy Hayes, Marcus Kruger) at 14:58
4. Sharks , Andrew Shaw 7 (Nick Bjugstad, Andrej Sustr) at 16:11

Penalties :
Alex Pietrangelo (VAN) for Roughing (Minor) at 10:40, Brooks Laich (SJS) for Slashing (Double Minor) at 15:49, Matt Cooke (VAN) for Hooking (Minor) at 15:49

3rd period

5. Canucks , Ryan Johansen 3 (Alex Pietrangelo, Andrei Markov) at 12:32

Penalties :
Robert Bortuzzo (SJS) for Hooking (Minor) at 2:55, Ryan Johansen (VAN) for Hooking (Minor) at 9:41, Andrei Markov (VAN) for Hooking (Minor) at 19:03

Goalie Stats

Henrik Lundqvist (VAN), 19 saves from 21 shots - (0.905), W, 4-5-0, 60:00 minutes
Jonas Hiller (SJS), 24 saves from 27 shots - (0.889), L, 5-3-0, 59:05 minutes

Players Stats for Canucks

Player Name              G  A  P  +/- PIM S  H  SB GA TA FO     MP     PP MP  PK MP  
------------------------------------------------------------------------------------
Adam Henrique            1  0  1   0  0   6  2  0  0  0  2/3    18:25   5:42   3:16 
Alex Pietrangelo         0  1  1   1  2   0  1  1  0  0  0/0    23:50   5:05   3:00 
Andrei Markov            0  1  1   0  2   2  0  1  0  0  0/0    24:15   5:14   3:57 
Brent Burns              0  1  1   2  0   1  0  0  0  0  0/0    17:45   5:10   0:46 
Chris Kreider            0  0  0   1  0   0  2  0  0  0  0/1    15:02   0:33   0:00 
Claude Giroux            0  1  1   0  0   4  0  0  0  0  15/28  20:59   5:10   0:00 
Erik Karlsson            0  0  0  -2  2   3  1  0  0  0  0/0    20:53   5:47   0:00 
Evgeny Kuznetsov         0  0  0   0  0   0  0  0  0  0  1/6     5:46   0:00   0:00 
Jimmy Hayes              0  1  1   0  0   2  0  0  0  0  0/0     9:32   0:05   0:00 
Jonas Brodin             0  0  0  -1  0   1  0  3  0  0  0/0    17:35   0:38   3:17 
Logan Couture            0  0  0   1  0   1  1  0  0  0  4/6    19:39   5:15   3:16 
Marcus Kruger            0  1  1   0  0   0  0  0  0  0  11/17  13:04   0:00   3:37 
Matt Cooke               0  0  0   0  2   0  2  0  0  0  0/0     8:43   0:00   3:37 
Phil Kessel              1  0  1   1  0   1  0  0  0  0  1/1    20:03   5:09   0:00 
Reilly Smith             0  0  0  -1  0   0  0  0  0  0  0/0     6:02   0:00   0:00 
Ryan Johansen            1  0  1   1  2   2  3  0  0  0  10/15  16:22   5:15   0:00 
Ryan Strome              0  0  0   1  0   3  2  0  0  0  3/7    17:29   5:42   0:00 
Simon Despres            0  0  0   2  0   1  1  0  0  0  0/0    15:39   0:00   2:46 

Players Stats for Sharks

Player Name              G  A  P  +/- PIM S  H  SB GA TA FO     MP     PP MP  PK MP  
------------------------------------------------------------------------------------
Alexander Wennberg       0  0  0   0  0   0  0  0  0  0  7/12   10:25   0:00   0:00 
Andrej Sustr             0  1  1   1  0   0  2  2  0  0  0/0    22:07   3:18   5:36 
Andrew Shaw              2  0  2   2  2   5  4  0  0  0  2/13   18:37   2:22   2:28 
Brooks Laich             0  0  0  -1  4   1  1  0  0  0  4/11   21:14   3:55   3:51 
Charlie Coyle            0  0  0  -1  0   2  3  0  0  0  5/8    22:07   4:31   4:02 
Colin McDonald           0  0  0   0  0   2  1  0  0  0  1/1    10:46   0:20   0:01 
David Savard             0  1  1   0  0   2  2  2  0  0  0/0    24:46   3:35   4:53 
Jordan Leopold           0  0  0  -2  0   0  0  0  0  0  0/0    12:39   0:00   0:00 
Luke Witkowski           0  0  0  -2  0   0  4  0  0  0  0/0    11:09   0:00   0:41 
Mark Pysyk               0  0  0   1  0   0  1  1  0  0  0/0    21:54   3:18   5:23 
Martin Havlat            0  0  0   1  0   0  0  0  0  0  0/0     6:46   0:00   0:00 
Martin Marincin          0  0  0  -2  0   0  0  1  0  0  0/0    14:08   0:00   1:40 
Matt Beleskey            0  0  0   0  15  0  1  0  0  0  0/1     4:35   0:57   0:16 
Nick Bjugstad            0  1  1   0  0   5  1  0  0  0  13/27  18:00   4:31   0:00 
Nikolai Kulemin          0  1  1   1  0   1  1  0  0  0  0/0    17:00   3:33   5:39 
Robert Bortuzzo          0  0  0   0  2   2  4  0  0  0  0/0    23:44   3:35   3:41 
Stephen Weiss            0  0  0  -2  0   1  0  0  0  0  4/10   11:19   0:00   0:51 
Viktor Stalberg          0  0  0  -2  0   0  1  0  0  0  1/1    15:44   0:30   4:46 

3 Stars

1 - Andrew Shaw (SJS)
2 - Phil Kessel (VAN)
3 - Adam Henrique (VAN)

Power Play

Canucks - 0 on 4 Attempt(s) - 0.00%
Sharks - 0 on 4 Attempt(s) - 0.00%

Penalty Kill

Canucks - 4 on 4 Attempt(s) - 100.00% - Score 0 goal in Penalty Kill
Sharks - 4 on 4 Attempt(s) - 100.00% - Score 0 goal in Penalty Kill

Team Stat

Canucks - Hits : 15 - Faceoff Wins : 47 - Blocked Shots : 5 - Penalty Minutes : 10
Sharks - Hits : 26 - Faceoff Wins : 37 - Blocked Shots : 6 - Penalty Minutes : 23

Official

Referees : Graham Skiliter and Brian Pochmara
Linesman : Anthony Sericolo and Greg Devorski

Game Notes

Matt Beleskey ejected from game at 14:18 of 1st period

Finance

Level 1 -- Attendance: 6500 (100.00%) -- Ticket Income $650,000
Level 2 -- Attendance: 4699 (93.98%) -- Ticket Income $281,940
Level 3 -- Attendance: 3500 (100.00%) -- Ticket Income $122,500
Level 4 -- Attendance: 1562 (100.00%) -- Ticket Income $31,240
Luxury Box -- Attendance: 883 (88.30%) -- Ticket Income $176,600
Game was played at the SAP center.
Total Attendance: 17144 (97.62%)
Total Ticket Income: $1,262,280
Other Income: $189,342
Total Income: $1,451,622

% Time on Ice - Canucks

Lines # - Real PCT - Wanted PCT - Time Play
Normal Forward
1 - 36% - 36% - 14:29
2 - 28% - 28% - 11:08
3 - 24% - 24% - 9:27
4 - 13% - 12% - 5:07
Normal Defense
1 - 35% - 37% - 14:10
2 - 34% - 34% - 13:40
3 - 29% - 29% - 11:49
4 - 1% - 0% - 0:32
PP Forward
1 - 48% - 60% - 5:15
2 - 52% - 40% - 5:42
PP Defense
1 - 53% - 53% - 5:47
2 - 47% - 47% - 5:10
PK Forward
1 - 53% - 51% - 3:37
2 - 47% - 49% - 3:16
PK Defense
1 - 75% - 50% - 5:11
2 - 25% - 50% - 1:42
PK3 Forward
1 - 0% - 52%
2 - 0% - 48%
PK3 Defense
1 - 0% - 51%
2 - 0% - 49%
44 Forward
1 - 67% - 55% - 1:20
2 - 33% - 45% - 0:39
44 Defense
1 - 46% - 52% - 0:55
2 - 54% - 48% - 1:04
Last Minute Offensive  - 0:00
Last Minute Defensive  - 0:00
Total
Forward - 60:00
Defense - 60:00

% Time on Ice - Sharks

Lines # - Real PCT - Wanted PCT - Time Play
Normal Forward
1 - 31% - 33% - 12:32
2 - 17% - 27% - 6:46
3 - 26% - 25% - 10:25
4 - 26% - 15% - 10:28
Normal Defense
1 - 38% - 40% - 15:16
2 - 31% - 35% - 12:16
3 - 31% - 25% - 12:39
4 - 0% - 0% - 0:00
PP Forward
1 - 66% - 60% - 4:31
2 - 34% - 40% - 2:22
PP Defense
1 - 52% - 60% - 3:35
2 - 48% - 40% - 3:18
PK Forward
1 - 68% - 60% - 7:27
2 - 32% - 40% - 3:30
PK Defense
1 - 47% - 60% - 5:11
2 - 53% - 40% - 5:46
PK3 Forward
1 - 0% - 60%
2 - 0% - 40%
PK3 Defense
1 - 0% - 60%
2 - 0% - 40%
44 Forward
1 - 100% - 60% - 1:59
2 - 0% - 40% - 0:00
44 Defense
1 - 52% - 60% - 1:02
2 - 48% - 40% - 0:57
Last Minute Offensive  - 0:00
Last Minute Defensive  - 0:00
Total
Forward - 60:00
Defense - 60:00

Play by Play

1st period


0:01 of 1st period - Nick Bjugstad wins face-off versus Claude Giroux in neutral zone.
0:34 of 1st period - Andrei Markov is hit by Matt Beleskey and loses puck.
0:39 of 1st period - Shot by Nick Bjugstad.
0:39 of 1st period - Stopped by Henrik Lundqvist without a rebound.
0:40 of 1st period - Andrew Shaw wins face-off versus Logan Couture in Canucks zone.
1:09 of 1st period - Minor Penalty to Erik Karlsson for Tripping.
1:10 of 1st period - Marcus Kruger wins face-off versus Nick Bjugstad in Canucks zone.
1:15 of 1st period - David Savard is hit by Matt Cooke.
2:30 of 1st period - Shot by Andrew Shaw.
2:30 of 1st period - Shot Misses the Net.
2:32 of 1st period - Shot by Nikolai Kulemin.
2:32 of 1st period - Shot Hit the Post.
2:34 of 1st period - Shot by Mark Pysyk.
2:34 of 1st period - Shot Misses the Net.
2:36 of 1st period - Shot by Brooks Laich.
2:36 of 1st period - Stopped by Henrik Lundqvist without a rebound.
2:37 of 1st period - Logan Couture wins face-off versus Andrew Shaw in Canucks zone.
2:42 of 1st period - Andrew Shaw is hit by Logan Couture and loses puck.
2:52 of 1st period - Icing by Mark Pysyk.
2:53 of 1st period - Marcus Kruger wins face-off versus Andrew Shaw in Sharks zone.
2:58 of 1st period - Shot by Matt Cooke.
2:58 of 1st period - Deflect By Marcus Kruger.
2:58 of 1st period - Shot Blocked by Andrej Sustr.
3:00 of 1st period - Shot by Andrei Markov.
3:00 of 1st period - Shot Blocked by Andrej Sustr.
3:41 of 1st period - Shot by Claude Giroux.
3:41 of 1st period - Shot Misses the Net.
3:43 of 1st period - Shot by Phil Kessel.
3:43 of 1st period - Goal by Phil Kessel - Canucks : 1 - Sharks : 0.
3:44 of 1st period - Nick Bjugstad wins face-off versus Marcus Kruger in neutral zone.
3:47 of 1st period - Shot by David Savard.
3:47 of 1st period - Shot Blocked by Jonas Brodin.
4:01 of 1st period - Shot by Matt Beleskey.
4:01 of 1st period - Deflect By Nick Bjugstad.
4:01 of 1st period - Stopped by Henrik Lundqvist without a rebound.
4:02 of 1st period - Ryan Johansen wins face-off versus Alexander Wennberg in Canucks zone.
4:04 of 1st period - Icing by Logan Couture.
4:05 of 1st period - Alexander Wennberg wins face-off versus Ryan Johansen in Canucks zone.
4:22 of 1st period - Shot by Ryan Strome.
4:22 of 1st period - Stopped by Jonas Hiller without a rebound.
4:23 of 1st period - Marcus Kruger wins face-off versus Andrew Shaw in Sharks zone.
4:34 of 1st period - Shot by Andrew Shaw.
4:34 of 1st period - Stopped by Henrik Lundqvist with a rebound.
4:36 of 1st period - Shot by Nikolai Kulemin.
4:36 of 1st period - Deflect By Andrew Shaw.
4:36 of 1st period - Goal by Andrew Shaw - Canucks : 1 - Sharks : 1.
4:37 of 1st period - Alexander Wennberg wins face-off versus Evgeny Kuznetsov in neutral zone.
4:39 of 1st period - Off-side.
4:40 of 1st period - Alexander Wennberg wins face-off versus Marcus Kruger in neutral zone.
4:52 of 1st period - Off-side.
4:53 of 1st period - Nick Bjugstad wins face-off versus Evgeny Kuznetsov in neutral zone.
5:00 of 1st period - Shot by Matt Beleskey.
5:00 of 1st period - Shot Misses the Net.
5:59 of 1st period - Icing by Erik Karlsson.
6:00 of 1st period - Alexander Wennberg wins face-off versus Chris Kreider in Canucks zone.
6:07 of 1st period - Shot by Brooks Laich.
6:07 of 1st period - Shot Blocked by Jonas Brodin.
6:59 of 1st period - Shot by Logan Couture.
6:59 of 1st period - Shot Misses the Net.
7:07 of 1st period - Shot by Ryan Johansen.
7:07 of 1st period - Shot Misses the Net.
7:13 of 1st period - Shot by Logan Couture.
7:13 of 1st period - Shot Misses the Net.
7:19 of 1st period - Shot by Logan Couture.
7:19 of 1st period - Shot Misses the Net.
7:56 of 1st period - Shot by Adam Henrique.
7:56 of 1st period - Stopped by Jonas Hiller without a rebound.
7:57 of 1st period - Evgeny Kuznetsov wins face-off versus Andrew Shaw in Sharks zone.
8:19 of 1st period - Icing by Martin Marincin.
8:20 of 1st period - Adam Henrique wins face-off versus Andrew Shaw in Sharks zone.
8:48 of 1st period - Jordan Leopold is hit by Adam Henrique.
8:53 of 1st period - Off-side.
8:54 of 1st period - Claude Giroux wins face-off versus Nick Bjugstad in neutral zone.
8:59 of 1st period - Shot by Claude Giroux.
8:59 of 1st period - Stopped by Jonas Hiller without a rebound.
9:00 of 1st period - Claude Giroux wins face-off versus Matt Beleskey in Sharks zone.
9:19 of 1st period - Shot by Phil Kessel.
9:19 of 1st period - Shot Blocked by David Savard.
10:42 of 1st period - Icing by Martin Marincin.
10:43 of 1st period - Marcus Kruger wins face-off versus Stephen Weiss in Sharks zone.
11:45 of 1st period - Shot by Claude Giroux.
11:45 of 1st period - Shot Misses the Net.
12:00 of 1st period - Minor Penalty to Andrew Shaw for Cross-checking.
12:01 of 1st period - Claude Giroux wins face-off versus Brooks Laich in Sharks zone.
12:25 of 1st period - Shot by Claude Giroux.
12:25 of 1st period - Stopped by Jonas Hiller with a rebound.
12:29 of 1st period - Shot by Ryan Johansen.
12:29 of 1st period - Stopped by Jonas Hiller without a rebound.
12:30 of 1st period - Brooks Laich wins face-off versus Ryan Strome in Sharks zone.
12:36 of 1st period - Icing by Alex Pietrangelo.
12:37 of 1st period - Brooks Laich wins face-off versus Ryan Strome in Canucks zone.
13:47 of 1st period - Icing by Erik Karlsson.
13:48 of 1st period - Claude Giroux wins face-off versus Brooks Laich in Canucks zone.
14:18 of 1st period - Major / Game Misconduct Penalty to Matt Beleskey for Attempt to injure.
14:18 of 1st period - Matt Beleskey is ejected from game.
14:19 of 1st period - Brooks Laich wins face-off versus Claude Giroux in Sharks zone.
14:19 of 1st period - Brooks Laich is hit by Ryan Johansen.
14:31 of 1st period - Mark Pysyk is hit by Ryan Johansen and loses puck.
14:49 of 1st period - Shot by Erik Karlsson.
14:49 of 1st period - Shot Misses the Net.
15:19 of 1st period - Shot by Ryan Strome.
15:19 of 1st period - Stopped by Jonas Hiller without a rebound.
15:20 of 1st period - Brooks Laich wins face-off versus Ryan Strome in Sharks zone.
15:28 of 1st period - Icing by Brent Burns.
15:29 of 1st period - Ryan Strome wins face-off versus Brooks Laich in Canucks zone.
16:27 of 1st period - Icing by Claude Giroux.
16:28 of 1st period - Claude Giroux wins face-off versus Charlie Coyle in Canucks zone.
16:42 of 1st period - Icing by Andrei Markov.
16:43 of 1st period - Charlie Coyle wins face-off versus Claude Giroux in Canucks zone.
16:52 of 1st period - Andrei Markov is hit by Charlie Coyle.
17:00 of 1st period - Shot by Erik Karlsson.
17:00 of 1st period - Shot Hit the Post.
17:56 of 1st period - Shot by Adam Henrique.
17:56 of 1st period - Shot Blocked by David Savard.
18:14 of 1st period - Shot by Adam Henrique.
18:14 of 1st period - Stopped by Jonas Hiller with a rebound.
18:16 of 1st period - Shot by Brent Burns.
18:16 of 1st period - Stopped by Jonas Hiller without a rebound.
18:17 of 1st period - Charlie Coyle wins face-off versus Claude Giroux in Sharks zone.
18:32 of 1st period - Shot by Logan Couture.
18:32 of 1st period - Shot Misses the Net.
18:34 of 1st period - Shot by Logan Couture.
18:34 of 1st period - Shot Misses the Net.
18:36 of 1st period - Shot by Andrei Markov.
18:36 of 1st period - Stopped by Jonas Hiller without a rebound.
18:37 of 1st period - Ryan Strome wins face-off versus Charlie Coyle in Sharks zone.
19:49 of 1st period - Shot by Erik Karlsson.
19:49 of 1st period - Stopped by Jonas Hiller with a rebound.
Goals for this period are 1 for Canucks vs 1 for Sharks.
Shots for this period are 11 for Canucks vs 5 for Sharks.

2nd period


0:01 of 2nd period - Claude Giroux wins face-off versus Andrew Shaw in neutral zone.
0:12 of 2nd period - Shot by Andrew Shaw.
0:12 of 2nd period - Deflect By Nikolai Kulemin.
0:12 of 2nd period - Stopped by Henrik Lundqvist with a rebound.
0:14 of 2nd period - Shot by Robert Bortuzzo.
0:14 of 2nd period - Stopped by Henrik Lundqvist without a rebound.
0:15 of 2nd period - Nick Bjugstad wins face-off versus Ryan Johansen in Canucks zone.
0:20 of 2nd period - Shot by Nick Bjugstad.
0:20 of 2nd period - Stopped by Henrik Lundqvist without a rebound.
0:21 of 2nd period - Nick Bjugstad wins face-off versus Claude Giroux in Canucks zone.
0:37 of 2nd period - Icing by Claude Giroux.
0:38 of 2nd period - Colin McDonald wins face-off versus Claude Giroux in Canucks zone.
0:43 of 2nd period - Shot by Colin McDonald.
0:43 of 2nd period - Shot Misses the Net.
0:51 of 2nd period - Shot by Claude Giroux.
0:51 of 2nd period - Shot Misses the Net.
0:53 of 2nd period - Shot by Claude Giroux.
0:53 of 2nd period - Stopped by Jonas Hiller without a rebound.
0:54 of 2nd period - Andrew Shaw wins face-off versus Ryan Johansen in Sharks zone.
1:35 of 2nd period - Shot by Nikolai Kulemin.
1:35 of 2nd period - Shot Misses the Net.
1:38 of 2nd period - Icing by Ryan Strome.
1:39 of 2nd period - Ryan Johansen wins face-off versus Nick Bjugstad in Canucks zone.
1:39 of 2nd period - Ryan Johansen is hit by Nick Bjugstad.
2:04 of 2nd period - Mark Pysyk is hit by Chris Kreider and loses puck.
2:18 of 2nd period - Claude Giroux is hit by Andrej Sustr and loses puck.
2:38 of 2nd period - Chris Kreider is hit by Mark Pysyk and loses puck.
3:03 of 2nd period - Erik Karlsson is hit by Luke Witkowski and loses puck.
4:16 of 2nd period - Shot by Simon Despres.
4:16 of 2nd period - Stopped by Jonas Hiller without a rebound.
4:17 of 2nd period - Ryan Johansen wins face-off versus Alexander Wennberg in Sharks zone.
4:28 of 2nd period - Jordan Leopold is hit by Ryan Strome and loses puck.
5:19 of 2nd period - Andrew Shaw is hit by Erik Karlsson and loses puck.
5:27 of 2nd period - Off-side.
5:28 of 2nd period - Marcus Kruger wins face-off versus Nick Bjugstad in neutral zone.
5:28 of 2nd period - Marcus Kruger is hit by Brooks Laich.
5:34 of 2nd period - Shot by Marcus Kruger.
5:34 of 2nd period - Deflect By Adam Henrique.
5:34 of 2nd period - Stopped by Jonas Hiller with a rebound.
5:36 of 2nd period - Shot by Jimmy Hayes.
5:36 of 2nd period - Stopped by Jonas Hiller without a rebound.
5:37 of 2nd period - Nick Bjugstad wins face-off versus Claude Giroux in Sharks zone.
5:41 of 2nd period - Icing by David Savard.
5:42 of 2nd period - Nick Bjugstad wins face-off versus Claude Giroux in Sharks zone.
6:02 of 2nd period - Off-side.
6:03 of 2nd period - Ryan Johansen wins face-off versus Stephen Weiss in neutral zone.
7:13 of 2nd period - Icing by Logan Couture.
7:14 of 2nd period - Ryan Johansen wins face-off versus Andrew Shaw in Canucks zone.
7:34 of 2nd period - Erik Karlsson is hit by Andrew Shaw.
8:36 of 2nd period - Shot by Colin McDonald.
8:36 of 2nd period - Stopped by Henrik Lundqvist without a rebound.
8:37 of 2nd period - Marcus Kruger wins face-off versus Nick Bjugstad in Canucks zone.
8:56 of 2nd period - Off-side.
8:57 of 2nd period - Stephen Weiss wins face-off versus Evgeny Kuznetsov in neutral zone.
9:03 of 2nd period - Off-side.
9:04 of 2nd period - Marcus Kruger wins face-off versus Nick Bjugstad in neutral zone.
9:23 of 2nd period - Shot by Adam Henrique.
9:23 of 2nd period - Stopped by Jonas Hiller without a rebound.
9:24 of 2nd period - Ryan Johansen wins face-off versus Alexander Wennberg in Sharks zone.
9:40 of 2nd period - Icing by Mark Pysyk.
9:41 of 2nd period - Claude Giroux wins face-off versus Brooks Laich in Sharks zone.
10:02 of 2nd period - Shot by Phil Kessel.
10:02 of 2nd period - Shot Misses the Net.
10:35 of 2nd period - David Savard is hit by Alex Pietrangelo.
10:40 of 2nd period - Minor Penalty to Alex Pietrangelo for Roughing.
10:41 of 2nd period - Nick Bjugstad wins face-off versus Marcus Kruger in Canucks zone.
10:44 of 2nd period - Shot by Nikolai Kulemin.
10:44 of 2nd period - Shot Blocked by Jonas Brodin.
10:54 of 2nd period - Shot by David Savard.
10:54 of 2nd period - Stopped by Henrik Lundqvist without a rebound.
10:55 of 2nd period - Logan Couture wins face-off versus Nick Bjugstad in Canucks zone.
11:01 of 2nd period - Icing by Nikolai Kulemin.
11:02 of 2nd period - Charlie Coyle wins face-off versus Marcus Kruger in Sharks zone.
11:02 of 2nd period - Charlie Coyle is hit by Matt Cooke.
11:15 of 2nd period - Charlie Coyle is hit by Simon Despres and loses puck.
11:24 of 2nd period - Shot by David Savard.
11:24 of 2nd period - Stopped by Henrik Lundqvist with a rebound.
11:26 of 2nd period - Shot by David Savard.
11:26 of 2nd period - Shot Misses the Net.
11:28 of 2nd period - Shot by David Savard.
11:28 of 2nd period - Shot Blocked by Andrei Markov.
11:34 of 2nd period - Shot by David Savard.
11:34 of 2nd period - Shot Misses the Net.
11:54 of 2nd period - Shot by Andrew Shaw.
11:54 of 2nd period - Shot Misses the Net.
11:56 of 2nd period - Shot by Andrej Sustr.
11:56 of 2nd period - Shot Misses the Net.
12:02 of 2nd period - Shot by Colin McDonald.
12:02 of 2nd period - Deflect By Andrew Shaw.
12:02 of 2nd period - Stopped by Henrik Lundqvist without a rebound.
12:03 of 2nd period - Logan Couture wins face-off versus Nick Bjugstad in Canucks zone.
12:43 of 2nd period - Icing by Erik Karlsson.
12:44 of 2nd period - Viktor Stalberg wins face-off versus Claude Giroux in Canucks zone.
13:11 of 2nd period - Icing by Martin Marincin.
13:12 of 2nd period - Stephen Weiss wins face-off versus Ryan Strome in Sharks zone.
14:34 of 2nd period - Icing by Viktor Stalberg.
14:35 of 2nd period - Marcus Kruger wins face-off versus Stephen Weiss in Sharks zone.
14:56 of 2nd period - Shot by Adam Henrique.
14:56 of 2nd period - Shot Misses the Net.
14:58 of 2nd period - Shot by Jimmy Hayes.
14:58 of 2nd period - Deflect By Adam Henrique.
14:58 of 2nd period - Goal by Adam Henrique - Canucks : 2 - Sharks : 1.
14:59 of 2nd period - Nick Bjugstad wins face-off versus Evgeny Kuznetsov in neutral zone.
15:26 of 2nd period - Shot by Nick Bjugstad.
15:26 of 2nd period - Shot Blocked by Alex Pietrangelo.
15:49 of 2nd period - Double Minor Penalty to Brooks Laich for Slashing.
15:49 of 2nd period - Minor Penalty to Matt Cooke for Hooking.
15:50 of 2nd period - Nick Bjugstad wins face-off versus Claude Giroux in neutral zone.
16:09 of 2nd period - Shot by Andrew Shaw.
16:09 of 2nd period - Shot Hit the Post.
16:11 of 2nd period - Shot by Andrew Shaw.
16:11 of 2nd period - Goal by Andrew Shaw - Canucks : 2 - Sharks : 2.
16:12 of 2nd period - Charlie Coyle wins face-off versus Evgeny Kuznetsov in neutral zone.
17:04 of 2nd period - Andrei Markov is hit by Robert Bortuzzo and loses puck.
17:23 of 2nd period - Shot by Nick Bjugstad.
17:23 of 2nd period - Deflect By Andrew Shaw.
17:23 of 2nd period - Stopped by Henrik Lundqvist without a rebound.
17:24 of 2nd period - Claude Giroux wins face-off versus Nick Bjugstad in Canucks zone.
19:03 of 2nd period - David Savard is hit by Ryan Johansen and loses puck.
19:23 of 2nd period - Shot by Erik Karlsson.
19:23 of 2nd period - Shot Misses the Net.
19:25 of 2nd period - Shot by Erik Karlsson.
19:25 of 2nd period - Shot Misses the Net.
Goals for this period are 1 for Canucks vs 1 for Sharks.
Shots for this period are 6 for Canucks vs 9 for Sharks.

3rd period


0:01 of 3rd period - Claude Giroux wins face-off versus Andrew Shaw in neutral zone.
0:01 of 3rd period - Claude Giroux is hit by Andrew Shaw.
0:04 of 3rd period - Phil Kessel is hit by Robert Bortuzzo.
0:10 of 3rd period - Shot by Jonas Brodin.
0:10 of 3rd period - Stopped by Jonas Hiller without a rebound.
0:11 of 3rd period - Adam Henrique wins face-off versus Nick Bjugstad in Sharks zone.
0:22 of 3rd period - Shot by Charlie Coyle.
0:22 of 3rd period - Shot Misses the Net.
0:28 of 3rd period - Adam Henrique is hit by Charlie Coyle.
0:52 of 3rd period - Shot by Jimmy Hayes.
0:52 of 3rd period - Stopped by Jonas Hiller without a rebound.
0:53 of 3rd period - Alexander Wennberg wins face-off versus Claude Giroux in Sharks zone.
0:53 of 3rd period - David Savard is hit by Chris Kreider and loses puck.
1:00 of 3rd period - Shot by Phil Kessel.
1:00 of 3rd period - Shot Misses the Net.
1:02 of 3rd period - Shot by Claude Giroux.
1:02 of 3rd period - Stopped by Jonas Hiller with a rebound.
1:24 of 3rd period - Shot by Claude Giroux.
1:24 of 3rd period - Shot Misses the Net.
1:27 of 3rd period - Claude Giroux is hit by Robert Bortuzzo and loses puck.
1:33 of 3rd period - Claude Giroux is hit by Robert Bortuzzo and loses puck.
1:39 of 3rd period - Chris Kreider is hit by David Savard and loses puck.
1:59 of 3rd period - Shot by Logan Couture.
1:59 of 3rd period - Shot Misses the Net.
2:06 of 3rd period - Ryan Johansen is hit by David Savard and loses puck.
2:09 of 3rd period - Shot by Ryan Strome.
2:09 of 3rd period - Stopped by Jonas Hiller with a rebound.
2:28 of 3rd period - Shot by Ryan Johansen.
2:28 of 3rd period - Shot Misses the Net.
2:55 of 3rd period - Minor Penalty to Robert Bortuzzo for Hooking.
2:56 of 3rd period - Claude Giroux wins face-off versus Charlie Coyle in Sharks zone.
3:11 of 3rd period - Shot by Andrei Markov.
3:11 of 3rd period - Stopped by Jonas Hiller with a rebound.
3:32 of 3rd period - Off-side.
3:33 of 3rd period - Ryan Strome wins face-off versus Andrew Shaw in neutral zone.
3:38 of 3rd period - Shot by Ryan Strome.
3:38 of 3rd period - Shot Misses the Net.
4:52 of 3rd period - Icing by Claude Giroux.
4:53 of 3rd period - Claude Giroux wins face-off versus Brooks Laich in Canucks zone.
5:10 of 3rd period - Shot by Charlie Coyle.
5:10 of 3rd period - Stopped by Henrik Lundqvist without a rebound.
5:11 of 3rd period - Marcus Kruger wins face-off versus Stephen Weiss in Canucks zone.
5:44 of 3rd period - Brent Burns is hit by Viktor Stalberg and loses puck.
6:03 of 3rd period - Shot by Nick Bjugstad.
6:03 of 3rd period - Stopped by Henrik Lundqvist with a rebound.
6:05 of 3rd period - Shot by Charlie Coyle.
6:05 of 3rd period - Stopped by Henrik Lundqvist without a rebound.
6:06 of 3rd period - Alexander Wennberg wins face-off versus Claude Giroux in Canucks zone.
6:09 of 3rd period - Shot by Colin McDonald.
6:09 of 3rd period - Stopped by Henrik Lundqvist without a rebound.
6:10 of 3rd period - Claude Giroux wins face-off versus Nick Bjugstad in Canucks zone.
6:27 of 3rd period - Shot by Charlie Coyle.
6:27 of 3rd period - Shot Misses the Net.
6:45 of 3rd period - Shot by Phil Kessel.
6:45 of 3rd period - Shot Misses the Net.
7:13 of 3rd period - Shot by Logan Couture.
7:13 of 3rd period - Deflect By Ryan Johansen.
7:13 of 3rd period - Shot Misses the Net.
7:27 of 3rd period - Shot by Logan Couture.
7:27 of 3rd period - Stopped by Jonas Hiller without a rebound.
7:28 of 3rd period - Stephen Weiss wins face-off versus Adam Henrique in Sharks zone.
7:56 of 3rd period - Shot by Jimmy Hayes.
7:56 of 3rd period - Shot Misses the Net.
7:58 of 3rd period - Shot by Marcus Kruger.
7:58 of 3rd period - Deflect By Adam Henrique.
7:58 of 3rd period - Stopped by Jonas Hiller without a rebound.
7:59 of 3rd period - Alexander Wennberg wins face-off versus Ryan Johansen in Sharks zone.
8:10 of 3rd period - Off-side.
8:11 of 3rd period - Nick Bjugstad wins face-off versus Claude Giroux in neutral zone.
8:25 of 3rd period - Phil Kessel is hit by Andrej Sustr and loses puck.
8:28 of 3rd period - Shot by Erik Karlsson.
8:28 of 3rd period - Stopped by Jonas Hiller without a rebound.
8:29 of 3rd period - Ryan Johansen wins face-off versus Brooks Laich in Sharks zone.
8:41 of 3rd period - Shot by Ryan Strome.
8:41 of 3rd period - Deflect By Logan Couture.
8:41 of 3rd period - Shot Misses the Net.
8:52 of 3rd period - Icing by Alexander Wennberg.
8:53 of 3rd period - Claude Giroux wins face-off versus Alexander Wennberg in Sharks zone.
9:35 of 3rd period - Shot by Claude Giroux.
9:35 of 3rd period - Shot Misses the Net.
9:37 of 3rd period - Shot by Erik Karlsson.
9:37 of 3rd period - Stopped by Jonas Hiller without a rebound.
9:38 of 3rd period - Nick Bjugstad wins face-off versus Ryan Johansen in Sharks zone.
9:38 of 3rd period - Nick Bjugstad is hit by Ryan Strome.
9:41 of 3rd period - Minor Penalty to Ryan Johansen for Hooking.
9:42 of 3rd period - Marcus Kruger wins face-off versus Nick Bjugstad in Canucks zone.
9:42 of 3rd period - Marcus Kruger is hit by Charlie Coyle.
10:00 of 3rd period - Shot by Nick Bjugstad.
10:00 of 3rd period - Stopped by Henrik Lundqvist without a rebound.
10:01 of 3rd period - Nick Bjugstad wins face-off versus Marcus Kruger in Canucks zone.
10:10 of 3rd period - Shot by Robert Bortuzzo.
10:10 of 3rd period - Stopped by Henrik Lundqvist without a rebound.
10:11 of 3rd period - Logan Couture wins face-off versus Andrew Shaw in Canucks zone.
10:11 of 3rd period - Logan Couture is hit by Nikolai Kulemin.
10:19 of 3rd period - Brooks Laich is hit by Adam Henrique and loses puck.
10:28 of 3rd period - Shot by Adam Henrique.
10:28 of 3rd period - Shot Blocked by Mark Pysyk.
12:14 of 3rd period - Shot by Stephen Weiss.
12:14 of 3rd period - Stopped by Henrik Lundqvist without a rebound.
12:15 of 3rd period - Ryan Johansen wins face-off versus Nick Bjugstad in Canucks zone.
12:32 of 3rd period - Shot by Ryan Johansen.
12:32 of 3rd period - Goal by Ryan Johansen - Canucks : 3 - Sharks : 2.
12:33 of 3rd period - Marcus Kruger wins face-off versus Andrew Shaw in neutral zone.
12:36 of 3rd period - Shot by Simon Despres.
12:36 of 3rd period - Shot Misses the Net.
13:04 of 3rd period - Adam Henrique is hit by Andrew Shaw and loses puck.
13:22 of 3rd period - Off-side.
13:23 of 3rd period - Phil Kessel wins face-off versus Brooks Laich in neutral zone.
13:39 of 3rd period - Icing by Andrei Markov.
13:40 of 3rd period - Claude Giroux wins face-off versus Stephen Weiss in Canucks zone.
13:40 of 3rd period - Claude Giroux is hit by Luke Witkowski.
13:49 of 3rd period - Andrei Markov is hit by Luke Witkowski and loses puck.
13:53 of 3rd period - Off-side.
13:54 of 3rd period - Ryan Johansen wins face-off versus Nick Bjugstad in neutral zone.
14:36 of 3rd period - Jonas Brodin is hit by Andrew Shaw and loses puck.
14:50 of 3rd period - Icing by Jonas Brodin.
14:51 of 3rd period - Ryan Johansen wins face-off versus Alexander Wennberg in Canucks zone.
15:03 of 3rd period - Off-side.
15:04 of 3rd period - Claude Giroux wins face-off versus Stephen Weiss in neutral zone.
15:18 of 3rd period - Icing by Martin Marincin.
15:19 of 3rd period - Stephen Weiss wins face-off versus Marcus Kruger in Sharks zone.
15:36 of 3rd period - Shot by Jimmy Hayes.
15:36 of 3rd period - Shot Misses the Net.
15:52 of 3rd period - Jimmy Hayes is hit by Luke Witkowski and loses puck.
17:22 of 3rd period - Erik Karlsson is hit by Colin McDonald and loses puck.
18:00 of 3rd period - Shot by Reilly Smith.
18:00 of 3rd period - Deflect By Matt Cooke.
18:00 of 3rd period - Shot Blocked by Martin Marincin.
18:02 of 3rd period - Shot by Reilly Smith.
18:02 of 3rd period - Shot Misses the Net.
19:03 of 3rd period - Minor Penalty to Andrei Markov for Hooking.
19:04 of 3rd period - Charlie Coyle wins face-off versus Logan Couture in Canucks zone.
19:05 of 3rd period - Sharks, Jonas Hiller is pulled from the net.
Goals for this period are 1 for Canucks vs 0 for Sharks.
Shots for this period are 10 for Canucks vs 7 for Sharks.